 Dungeon Crawl Stone Soup version 0.31-a0-620-gd1cbd99268 (webtiles) character file.

Game seed: 13613400073492231472

28 kae the Changeling (level 3, -1/28 HPs)
             Began as a Draconian Shapeshifter on Aug 23, 2023.
             Slain by Terence
             ... wielding a +0 flail
              (10 damage)
             ... on level 2 of the Dungeon.
             The game lasted 00:00:54 (570 turns).

kae the Changeling (Draconian Shapeshifter)          Turns: 570, Time: 00:00:55

Health: -1/28      AC:  5    Str: 17    XL:     3   Next: 0%
Magic:  3/3        EV:  9    Int:  8    God:
Gold:   75         SH:  0    Dex: 13    Spells: 2/2 levels left

rFire   . .          .
                       - Unarmed
rCold   . . .        (no shield)
rNeg    . . .        (body armour unavailable)
rPois   .            (helmet currently unavailable)
rElec   .            (cloak currently unavailable)
rCorr   .            (gloves currently unavailable)
SInv    .            (boots currently unavailable)
Will    .....        (no amulet)
Stlth   +            (no ring)
HPRegen 0.24/turn    (no ring)
MPRegen 0.08/turn

%: no passive effects
@: about to teleport, beast-form, constricted
A: beast (slay +2), AC +5, unfitting armour, cold-blooded
a: Begin Untransformation


You were on level 2 of the Dungeon.
You were a hulking beast.
You visited 1 branch of the dungeon, and saw 2 of its levels.

You collected 75 gold pieces.


Innate Abilities, Weirdness & Mutations

You are a hulking beast.
Your limbs bulge with bestial killing power. (Slay +2)
Your plain brown scales are hard. (AC +5)
You cannot fit into any form of body armour.
You are cold-blooded and may be slowed by cold attacks.


   Skills:
 - Level 1.1 Fighting
 - Level 1.7 Dodging
 + Level 3.4 Unarmed Combat
 * Level 3.7 Shapeshifting


You had 2 spell levels left.
You didn't know any spells.
Your spell library was empty.

Inventory:

Missiles
 d - 9 poisoned darts
 h - 13 stones
Armour
 f - a +0 cloak
   (You found it on level 1 of the Dungeon)
Jewellery
 I - a +6 ring of intelligence
   (You found it on level 1 of the Dungeon)
Talismans
 b - a beast talisman (active)
 c - a flux talisman
Scrolls
 e - a scroll of identify {@r1}
Potions
 a - a potion of lignification {!q}
 i - 2 potions of degeneration {!q}

Dungeon Overview and Level Annotations

Branches:
Dungeon (2/15) Zot: 11431

Altars:

Annotations:
D:2 Terence

########
##......##
##......).##
#..........#
#.h........#
#@SS.......#
#..........#
#..........#
##........##
#..........#
............#
#............#
..............#


You could see Terence and 2 ball pythons.


Message History

Terence the Incautious comes into view.
He is wielding a +0 flail.
Found a stone staircase leading down.
Terence shouts!
The ball python barely misses you. The ball python closely misses you.
You closely miss the ball python. You tail-slap the ball python.
Your punch misses the ball python. The ball python completely misses you.
The ball python grabs you. The ball python constricts you.
You escape the ball python's grasp.
The ball python bites you but does no damage.
The ball python misses you. Terence screams, "I want your blood!"
The ball python bites you.
The ball python barely misses you. 😕 HP[-2]
You take 2 damage, and now have 26/28 hp.
The ball python attacks as it pursues you!
The ball python bites you but does no damage.
The ball python barely misses you.
The ball python attacks as it pursues you!
The ball python closely misses you. The ball python grabs you.
The ball python constricts you. 😕 HP[+1]
You escape the ball python's grasp.
The ball python attacks as it pursues you!
The ball python bites you.
The ball python closely misses you. 😕 HP[-1]
You take 1 damage, and now have 26/28 hp.
The ball python misses you. The ball python grabs you.
The ball python constricts you.
The ball python bites you but does no damage.
The ball python misses you. The ball python constricts you.
There is a stone staircase leading up here. 😕 HP[-2]
You take 2 damage, and now have 24/28 hp.
You escape the ball python's grasp.
The ball python bites you but does no damage.
The ball python grabs you.
You stop ascending the stairs.
The ball python constricts you.
You escape the ball python's grasp.
The ball python bites you but does no damage.
The ball python grabs you.
You stop ascending the stairs.
The ball python constricts you. 😕 HP[-1]
You take 1 damage, and now have 23/28 hp.
You escape the ball python's grasp.
The ball python bites you but does no damage.
The ball python grabs you.
You stop ascending the stairs.
The ball python constricts you. The ball python barely misses you.
The ball python closely misses you. The ball python constricts you.
You escape the ball python's grasp.
The ball python bites you but does no damage.
The ball python grabs you.
You stop ascending the stairs.
The ball python constricts you. Terence barely misses you.
You escape the ball python's grasp.
The ball python misses you. x2
The ball python barely misses you. The ball python grabs you.
You stop ascending the stairs.
The ball python constricts you. Terence hits you with a +0 flail!
* * * LOW HITPOINT WARNING * * *
The ball python bites you but does no damage. 😨 HP[-11]
You take 11 damage, and now have 12/28 hp.
MASSIVE DAMAGE!! (PAUSE)
As you read the scroll labelled IKELAF PONU, it crumbles to dust.
You hear a loud clanging noise!
It was a scroll of noise.
You hear a shout!
You hear an angry hiss.
You hear a shout! x2
You hear an angry hiss.
The ball python bites you.
* * * LOW HITPOINT WARNING * * *
The ball python constricts you.
The ball python bites you but does no damage.
Terence hits you with a +0 flail.
* * * LOW HITPOINT WARNING * * *
😨 HP[-3]
You take 3 damage, and now have 9/28 hp.
Unknown command.
As you read the scroll labelled GEPNOIXTUCS, it crumbles to dust.
You feel strangely unstable.
It was a scroll of teleportation.
The ball python bites you but does no damage.
The ball python constricts you. The ball python closely misses you.
Terence barely misses you. 😨 HP[+1]
As you read the scroll labelled SAK QYNINKAE, it crumbles to dust.
It is a scroll of identify.
i - 2 potions of degeneration The ball python bites you but does no damage.
The ball python constricts you.
* * * LOW HITPOINT WARNING * * *
The ball python bites you but does no damage.
The ball python barely misses you. The ball python constricts you.
Terence hits you with a +0 flail!
You die...

Action                     || total
---------------------------++-------
  Melee: Unarmed           ||    54
         Tailslap          ||     7
    Use: Scroll            ||     3
 Armour: Skin              ||    28
  Dodge: Dodged            ||    39

Levels and vault maps discovered:
D:1:      wander_arrival_desolate, layout_rooms, due_unseen_surprise
D:2:      layout_rooms, ebering_ecumenical_altar_hall, uniq_terence

Notes
Turn   | Place    | Note
-------+----------+-------------------------------------------
     0 | D:1      | kae the Draconian Shapeshifter began the quest for the Orb.
     0 | D:1      | Reached XP level 1. HP: 16/16 MP: 1/1
     0 | D:1      | magus.rc [v1.11.3]
   129 | D:1      | Reached XP level 2. HP: 17/23 MP: 2/2
   510 | D:1      | Reached XP level 3. HP: 26/28 MP: 3/3
   557 | D:2      | Noticed Terence
   570 | D:2      | Slain by Terence

Vanquished Creatures
  A bat (D:1)
  4 endoplasms (D:1)
  3 giant cockroaches (D:1)
  A goblin (D:1)
  A hobgoblin (D:1)
  3 quokkas (D:1)
  2 ball pythons (D:1)
  2 frilled lizards (D:1)
  3 kobolds (D:1)
  6 rats (D:1)
26 creatures vanquished.

Table legend:
 A = Non-vault XP
 B = Vault XP
 C = Vault XP percentage of total XP
 D = Non-vault monster count
 E = Vault monster count
 F = Vault count percentage of total count
                 A         B        C        D         E       F
            +---------+---------+-------+---------+---------+-------
      Total |      41 |       0 |   0.0 |      26 |       0 |   0.0
            +---------+---------+-------+---------+---------+-------
        D:1 |      41 |       0 |   0.0 |      26 |       0 |   0.0
            +---------+---------+-------+---------+---------+-------

Action                     || total
---------------------------++-------
  Melee: Unarmed           ||    54
         Tailslap          ||     7
    Use: Scroll            ||     3
 Armour: Skin              ||    28
  Dodge: Dodged            ||    39

Illustrated notes

Table legend:
 A = Kills in this place as a percentage of kills in the entire game.
 B = Kills by you in this place as a percentage of kills by you in the entire game.
 C = Kills by friends in this place as a percentage of kills by friends in the entire game.
 D = Other kills in this place as a percentage of other kills in the entire game.
 E = Experience gained in this place as a percentage of experience gained in the entire game.
 F = Experience gained in this place divided by the number of levels of this place that you have seen.
                   A       B       C       D       E      F
               +-------+-------+-------+-------+-------+----------------------
         Total | 100.0 | 100.0 |   N/A |   N/A | 100.0 |  20.5
       Dungeon | 100.0 | 100.0 |   N/A |   N/A | 100.0 |  20.5
               +-------+-------+-------+-------+-------+----------------------

Table legend: (Time is in decaauts)
 A = Elapsed time spent in this place.
 B = Non-inter-level travel time spent in this place.
 C = Inter-level travel time spent in this place.
 D = Time resting spent in this place.
 E = Time spent auto-exploring this place.
 F = Levels seen in this place.
 G = Mean time per level.
                   A        B        C        D        E       F      G
               +--------+--------+--------+--------+--------+-----+--------+
         Total |    567 |    541 |     26 |      0 |    374 |   2 |  283.5 |
       Dungeon |    567 |    541 |     26 |      0 |    374 |   2 |  283.5 |
               +--------+--------+--------+--------+--------+-----+--------+

Top non-repeatable levels by time:
     D:1: 552 daAuts
     D:2: 15 daAuts
